 Dungeon Crawl Stone Soup version 0.23-a0-642-g3120c2f5a9 (webtiles) character file.

69 HereIgoKillingAgain the Ruffian (level 4, -2/35 HPs)
             Began as a Draconian Transmuter on Dec 31, 2018.
             Slain by a goblin
             ... wielding a +0 dagger
             ... led by Robin
              (4 damage)
             ... on level 2 of the Dungeon.
             The game lasted 00:01:51 (1783 turns).

HereIgoKillingAgain the Ruffian (DrTm)              Turns: 1783, Time: 00:01:52

Health: -2/35      AC:  5    Str: 13    XL:     4   Next: 2%
Magic:  7/7        EV: 12    Int: 13    God:
Gold:   81         SH:  0    Dex: 12    Spells: 4/7 levels left

rFire    . . .     SeeInvis .   d - +1 dagger (venom)
rCold    . . .     Gourm    .   (no shield)
rNeg     . . .     Faith    .   (armour unavailable)
rPois    .         Spirit   .   (helmet restricted)
rElec    .         Reflect  .   (no cloak)
rCorr    .         Harm     .   (no gloves)
MR       .....                  (no boots)
Stlth    +.........             (no amulet)
HPRegen  0.11/turn              (no ring)
MPRegen  0.10/turn              (no ring)

@: flying, hasted, very quick
A: unfitting armour, cold-blooded, AC +5
a: no special abilities


You were on level 2 of the Dungeon.
You were very hungry.

You visited 1 branch of the dungeon, and saw 2 of its levels.

You collected 81 gold pieces.

Inventory:

Hand Weapons
 d - a +1 dagger of venom (weapon)
Missiles
 a - 12 arrows
Scrolls
 e - 2 scrolls of identify {unknown}
Potions
 b - a potion of haste
Comestibles
 c - 2 rations


   Skills:
 - Level 1.1 Fighting
 - Level 1.7 Dodging
 + Level 4.0 Unarmed Combat
 - Level 2.0 Spellcasting
 * Level 3.3 Transmutations


You had 4 spell levels left.
You knew the following spells:

 Your Spells              Type           Power        Failure   Level  Hunger
a - Beastly Appendage     Tmut           ##....       6%          1    ##.....
b - Sticks to Snakes      Tmut           ##......     10%         2    ###....

Your spell library contained the following spells:

 Spells                   Type           Power        Failure   Level  Hunger
 Spider Form              Tmut/Pois      #.........   36%         3    ####...
 Ice Form                 Ice/Tmut       #.......     77%         4    #####..
 Blade Hands              Tmut           ##........   87%         5    ######.


Dungeon Overview and Level Annotations

Branches:
Dungeon (2/15)

Altars:

Annotations:
D:2 Robin


Innate Abilities, Weirdness & Mutations

Your plain brown scales are hard. (AC +5)
You cannot fit into any form of body armour.
You are cold-blooded and may be slowed by cold attacks.


Message History

The goblin hits you with a +0 dagger.
* * * LOW HITPOINT WARNING * * *
You see here a goblin corpse.
You barely miss the goblin.
The goblin is severely wounded.
Robin throws the goblin at you!
* * * LOW HITPOINT WARNING * * *
The goblin hits you with a +0 dagger.
* * * LOW HITPOINT WARNING * * *
You hit the goblin.
The goblin is severely wounded.
The goblin hits you with a +0 dagger.
* * * LOW HITPOINT WARNING * * *
It was a potion of flight.
You feel very buoyant.
You fly up into the air.
The goblin hits you but does no damage. x2
You closely miss the goblin.
The goblin is severely wounded.
The goblin hits you with a +0 dagger.
You die...

..........#
........# ##.##
..........# #.#
..........#### ..
#####....g.gg#
#...##.##g#
#.......##.##
#.####
....###......#
#####.. #.....
.....
#.....g####......#
###### .....
##....ggg@g.# ....
#.....######
#.....# #.....#
#.....# #.....#
#######


You could see Robin and 4 goblins.

Vanquished Creatures
  An adder (D:2)
  2 worms (D:2)
  3 dart slugs
  A leopard gecko (D:1)
  A bat (D:1)
  2 giant cockroaches (D:1)
  8 goblins
  6 hobgoblins
  5 jackals
  A ball python (D:1)
  4 frilled lizards
  6 kobolds
  6 rats
46 creatures vanquished.

Notes
Turn   | Place    | Note
-------+----------+-------------------------------------------
     0 | D:1      | HereIgoKillingAgain the Draconian Transmuter began the
                  | quest for the Orb.
     0 | D:1      | Reached XP level 1. HP: 16/16 MP: 3/3
    13 | D:1      | You fall through a shaft!
   259 | D:1      | Reached XP level 2. HP: 23/23 MP: 3/5
   416 | D:1      | Learned a level 2 spell: Sticks to Snakes
  1229 | D:1      | Reached XP level 3. HP: 23/28 MP: 6/6
  1657 | D:2      | Reached skill level 4 in Unarmed Combat
  1738 | D:2      | Noticed Robin
  1772 | D:2      | Reached XP level 4. HP: 10/35 MP: 7/7
  1783 | D:2      | Slain by a goblin

Vault maps used:
D:1:      lemuel_arrival_broad_hall
D:2:      minmay_misc_feat_columns, uniq_robin

Skill      XL: |  1  2  3 |
---------------+----------+-----
Transmutations | 3 |  3.3
Unarmed Combat | 4 |  4.0
Fighting       | |  1.1
Dodging        | |  1.7
Spellcasting   | |  2.0

Action                   |  1- 3 |  4- 6 || total
-------------------------+-------+-------++-------
Melee: Unarmed           |    63 |       ||    63
       Kick              |     9 |       ||     9
       Tailslap          |    12 |     2 ||    14
       Dagger            |    98 |     9 ||   107
       Punch             |     2 |       ||     2
 Cast: Beastly Appendage |     5 |       ||     5
  Use: Potion            |     1 |     1 ||     2
 Stab: Sleeping          |     1 |       ||     1
  Eat: Chunk             |     2 |       ||     2
Armor: Skin              |    50 |     2 ||    52
Dodge: Dodged            |   111 |     4 ||   115

Table legend:
 A = Non-vault XP
 B = Vault XP
 C = Vault XP percentage of total XP
 D = Non-vault monster count
 E = Vault monster count
 F = Vault count percentage of total count
                 A         B        C        D         E       F
            +---------+---------+-------+---------+---------+-------
      Total |      86 |      13 |  13.1 |      39 |       7 |  15.2
            +---------+---------+-------+---------+---------+-------
        D:1 |      46 |       0 |   0.0 |      25 |       0 |   0.0
        D:2 |      40 |      13 |  24.5 |      14 |       7 |  33.3
            +---------+---------+-------+---------+---------+-------
